Map: [ESL] Ancient Cistern

Players

Harstem

  • Race: Protoss Protoss
  • Spawn Location: 7:00

ShaDoWn - Winner!

  • Race: Protoss Protoss
  • Spawn Location: 1:00

Event: ESL SC2 Masters 2023 Summer (Regionals)

VOD

Have the link to the VOD?

Description

Time

  • Played on: May 7, 2023, 11:56 a.m.
  • Length: 10:40

All games in this series

Show
View Real Time Build Order
Export as new Build Order

Harstem Protoss 

Build Orders: Oracle Opening 

Get SALT Encoding   

  12  0:00  Probe  
  13  0:12  Probe  
  14  0:17  Pylon  
  14  0:24  Probe  
  15  0:36  Probe (Chrono Boost)  
  15  0:37  Gateway  
  16  0:46  Assimilator  
  16  0:47  Probe (Chrono Boost)  
  17  0:51  Probe (Chrono Boost)  
  17  0:55  Assimilator  
  18  1:03  Probe (Chrono Boost)  
  19  1:09  Gateway  
  19  1:13  Probe (Chrono Boost)  
  19  1:18  Probe (Chrono Boost)  
  20  1:25  Cybernetics Core  
  21  1:29  Probe  
  22  1:34  Pylon  
  22  1:41  Probe  
  24  2:01  Stargate  
  24  2:02  Adept  
  24  2:03  Stalker  
  27  2:09  Probe  
  27  2:11  Warp Gate  
  27  2:15  Pylon  
  28  2:22  Probe  
  29  2:37  Probe  
  29  2:42  Oracle (Chrono Boost)  
  30  2:49  Stalker  
  35  2:52  Probe  
  35  2:58  Stalker  
  38  3:02  Pylon  
  38  3:23  Nexus  
  38  3:26  Probe  
  37  3:36  Twilight Council  
  37  3:37  Shield Battery  
  37  3:42  Probe  
  37  3:46  Pylon  
  38  3:55  Probe  
  39  4:06  Stalker, Sentry  
  39  4:07  Probe  
  39  4:09  Blink (Chrono Boost)  
  44  4:21  Forge  
  44  4:22  Probe  
  45  4:34  Phoenix, Probe  
  45  4:39  Stalker  
  45  4:41  Stalker  
  49  4:49  Probe  
  49  4:50  Protoss Ground Weapons Level 1 (Chrono Boost)  
  49  4:51  Pylon  
  51  4:53  Probe  
  51  5:01  Probe  
  51  5:04  Stalker  
  51  5:06  Probe  
  55  5:12  Stalker  
  55  5:13  Probe  
  58  5:18  Probe  
  59  5:26  Probe  
  60  5:31  Probe  
  60  5:34  Nexus  
  60  5:35  Stalker  
  63  5:38  Probe  
  64  5:44  Pylon, Stalker  
  64  5:46  Probe  
  67  5:50  Probe  
  67  5:52  Assimilator  
  67  5:54  Gateway  
  68  5:59  Gateway  
  68  6:01  Probe  
  69  6:04  Probe  
  69  6:07  Phoenix, Stalker  
  73  6:18  Probe  
  73  6:19  Probe  
  73  6:20  Stalker  
  76  6:25  Robotics Facility  
  76  6:30  Probe  
  76  6:31  Probe  
  78  6:33  Pylon  
  78  6:34  Protoss Ground Weapons Level 2 (Chrono Boost)  
  78  6:37  Pylon  
  78  6:46  Probe x2  
  78  6:47  Probe  
  81  6:48  Gateway  
  81  6:49  Gateway  
  81  6:52  Stalker  
  83  6:58  Probe x2  
  85  7:01  Stalker  
  85  7:02  Probe  
  88  7:10  Probe x2  
  88  7:11  Stalker, Assimilator  
  92  7:16  Stalker x2  
  92  7:17  Probe  
  92  7:19  Pylon  
  92  7:22  Probe  
  98  7:24  Stalker  
  98  7:25  Probe  
  101  7:33  Observer  
  101  7:34  Probe  
  104  7:39  Pylon x2, Stalker x2  
  104  7:40  Stalker  
  104  7:43  Probe  
  110  7:48  Stalker x2  
  114  7:53  Warp Prism (Chrono Boost)  
  116  8:03  Stalker x2  
  116  8:05  Pylon  
  120  8:08  Stalker  
  120  8:09  Stalker  
  120  8:12  Pylon  
  124  8:22  Nexus  
  124  8:25  Stalker x2  
  128  8:31  Stalker x2  
  128  8:33  Observer  
  132  8:39  Stalker x2  
  136  8:43  Probe  
  136  8:44  Probe  
  136  8:45  Pylon  
  136  8:47  Photon Cannon  
  136  8:48  Sentry  
  140  9:00  Stalker  
  140  9:01  Stalker x2  
  136  9:06  Probe  
  136  9:09  Stalker x2  
  124  9:13  Probe  
  124  9:15  Probe  
  108  9:23  Stalker  
  109  9:24  Probe  
  109  9:26  Probe  
  109  9:27  Gateway  
  109  9:29  Gateway, Stalker x2  
  110  9:33  Probe  
  110  9:35  Shield Battery  
  110  9:36  Probe  
  113  9:40  Zealot  
  113  9:43  Zealot  
  116  9:46  Stalker  
  116  9:50  Probe  
  116  9:51  Assimilator  
  119  9:55  Forge  
  119  9:58  Probe  
  120  10:02  Probe  
  120  10:06  Sentry  
  120  10:07  Zealot, Photon Cannon  
  125  10:13  Stalker x3  
  131  10:16  Probe  
  131  10:20  Assimilator  
  132  10:25  Nexus, Zealot x3  
  132  10:32  Zealot x5  
Show
View Real Time Build Order
Export as new Build Order

ShaDoWn Protoss - Winner!

Build Orders:  

Get SALT Encoding   

  12  0:00  Probe  
  13  0:12  Probe  
  14  0:17  Pylon  
  14  0:24  Probe  
  15  0:35  Gateway  
  15  0:36  Probe (Chrono Boost)  
  16  0:46  Probe (Chrono Boost), Assimilator  
  17  0:51  Probe (Chrono Boost)  
  17  0:54  Assimilator  
  18  1:03  Probe (Chrono Boost)  
  19  1:07  Gateway  
  19  1:12  Probe (Chrono Boost)  
  19  1:17  Probe (Chrono Boost)  
  20  1:23  Cybernetics Core  
  21  1:29  Probe  
  22  1:33  Pylon  
  22  1:41  Probe  
  23  1:53  Probe  
  24  2:02  Warp Gate, Stalker x2  
  24  2:05  Probe  
  29  2:09  Pylon  
  29  2:17  Probe  
  30  2:30  Probe  
  30  2:32  Stalker x2  
  35  2:42  Probe  
  35  3:02  Nexus  
  35  3:04  Probe  
  36  3:13  Shield Battery  
  36  3:16  Probe  
  35  3:28  Probe  
  36  3:40  Probe, Twilight Council  
  36  3:41  Pylon  
  37  3:52  Probe  
  38  3:59  Pylon  
  38  4:01  Adept x2  
  42  4:05  Probe (Chrono Boost)  
  43  4:12  Blink (Chrono Boost)  
  43  4:15  Probe (Chrono Boost)  
  45  4:17  Probe (Chrono Boost)  
  45  4:20  Robotics Facility  
  46  4:26  Probe x2 (Chrono Boost)  
  46  4:27  Sentry  
  46  4:31  Probe  
  49  4:34  Probe  
  52  4:46  Probe  
  52  4:48  Nexus  
  52  4:49  Probe  
  51  4:53  Sentry  
  51  4:56  Stalker  
  51  4:58  Probe  
  56  5:01  Probe  
  57  5:08  Observer  
  57  5:11  Probe  
  57  5:13  Probe, Pylon  
  60  5:18  Stalker  
  60  5:19  Stalker  
  64  5:23  Probe  
  64  5:24  Observer, Assimilator  
  64  5:25  Probe  
  66  5:32  Immortal (Chrono Boost)  
  66  5:33  Observer  
  66  5:35  Probe  
  71  5:37  Probe  
  71  5:38  Shield Battery  
  72  5:42  Stalker x2  
  76  5:51  Forge  
  76  5:52  Probe  
  77  5:58  Pylon  
  77  6:00  Probe x2 (Chrono Boost)  
  80  6:05  Stalker x2  
  80  6:08  Probe (Chrono Boost)  
  80  6:10  Observer (Chrono Boost)  
  85  6:17  Probe (Chrono Boost), Protoss Ground Weapons Level 1 (Chrono Boost)  
  88  6:19  Probe x2 (Chrono Boost)  
  88  6:22  Probe (Chrono Boost)  
  89  6:27  Pylon  
  89  6:28  Probe (Chrono Boost)  
  91  6:33  Probe x2 (Chrono Boost)  
  91  6:36  Gateway  
  91  6:39  Probe (Chrono Boost)  
  93  6:43  Probe (Chrono Boost), Pylon  
  93  6:44  Probe (Chrono Boost)  
  93  6:45  Probe (Chrono Boost)  
  96  6:49  Gateway  
  96  6:51  Gateway  
  96  6:55  Stalker x2  
  96  6:58  Nexus  
  100  7:05  Charge, Assimilator  
  100  7:12  Probe x2  
  100  7:13  Probe  
  100  7:14  Gateway  
  103  7:16  Gateway  
  103  7:19  Stalker x2  
  107  7:23  Gateway  
  107  7:24  Probe  
  108  7:32  Pylon  
  108  7:33  Gateway, Observer  
  108  7:36  Pylon  
  108  7:38  Gateway  
  108  7:40  Pylon  
  108  7:47  Pylon  
  108  7:48  Pylon, Observer  
  108  7:51  Stalker x4  
  108  7:57  Stalker  
  118  8:02  Probe x3  
  120  8:07  Protoss Ground Weapons Level 2 (Chrono Boost)  
  120  8:11  Stalker x2  
  124  8:14  Probe x2, Photon Cannon  
  126  8:23  Stalker x5  
  126  8:26  Stalker  
  138  8:28  Stalker  
  138  8:32  Probe  
  141  8:42  Zealot x3  
  145  8:49  Stalker x5  
  145  8:50  Pylon  
  153  9:00  Stalker x2  
  139  9:05  Stalker x3  
  139  9:08  Probe  
  123  9:12  Stalker  
  123  9:16  Stalker  
  105  9:17  Zealot x3  
  105  9:19  Probe  
  105  9:23  Stalker x2  
  97  9:31  Stalker  
  97  9:32  Zealot x2  
  103  9:40  Stalker x2  
  103  9:41  Zealot x3  
  103  9:45  Shield Battery  
  113  9:48  Assimilator  
  113  9:56  Zealot x5  
  123  10:03  Stalker x2  
  123  10:04  Stalker  
  130  10:08  Stalker  
  130  10:09  Stalker  
  133  10:18  Stalker x4  
  133  10:19  Zealot  
  143  10:26  Probe  
  142  10:35  Zealot, Stalker x4  
Tags
 
Add a new tag
Caveats
  • Supply blocks, unpowered buildings, or Contaminate may cause inaccurate times.
  • Supply counts are checked every 10 seconds.